 Dungeon Crawl Stone Soup version 0.25-a0-890-g62861fb195 (webtiles) character file.

Game seed: 8076930286161608712, levelgen mode: deterministic

54 Esekla the Conjurer (level 4, -8/32 HPs)
             Began as a Formicid Conjurer on May 2, 2020.
             Killed by divine providence
             ... invoked by an orc priest
              (12 damage)
             ... on level 3 of the Dungeon.
             The game lasted 00:15:18 (2689 turns).

Esekla the Conjurer (Formicid Conjurer)             Turns: 2689, Time: 00:15:20

Health: -8/32      AC:  4    Str: 11    XL:     4   Next: 12%
Magic:  6/8        EV: 11    Int: 15    God:
Gold:   174        SH:  0    Dex: 11    Spells: 5/8 levels left

rFire    . . .     SeeInvis +   n - +1 long sword
rCold    . . .     Gourm    +   (no shield)
rNeg     . . .     Faith    .   q - +0 leather armour
rPois    .         Spirit   .   (helmet unavailable)
rElec    .         Reflect  .   (no cloak)
rCorr    .         Harm     .   e - +0 pair of gloves (curse)
MR       .....                  b - +1 pair of boots
Stlth    ++........             m - amulet of the gourmand
HPRegen  0.10/turn              g - -2 ring of protection (curse)
MPRegen  0.11/turn              (no ring)

@: no status effects
A: permanent stasis, dig shafts and tunnels, four strong arms, antennae 3, weak
1
a: Dig, Shaft Self


You were on level 3 of the Dungeon.
You were not hungry.

You visited 1 branch of the dungeon, and saw 4 of its levels.

You collected 174 gold pieces.

Inventory:

Hand Weapons
 h - a +0 dagger of distortion
 n - a +1 long sword (weapon)
Missiles
 p - 14 poisoned darts (quivered)
Armour
 b - a +1 pair of boots (worn)
 e - a cursed +0 pair of gloves (worn)
 q - a +0 leather armour (worn)
Jewellery
 g - a cursed -2 ring of protection (left hand)
 m - an amulet of the gourmand (around neck)
Scrolls
 k - a scroll of enchant weapon
Potions
 d - a potion of magic
 f - a potion of brilliance
 i - a potion of heal wounds
 j - a potion of berserk rage {unknown}
 l - a potion of cancellation {unknown}
 r - a potion of resistance
Comestibles
 c - 4 rations


   Skills:
 * Level 1.1 Fighting
 + Level 0.1 Short Blades
 * Level 1.0 Armour
 + Level 1.8 Dodging
 - Level 2.4 Stealth
 * Level 2.6 Spellcasting
 + Level 4.3 Conjurations


You had 5 spell levels left.
You knew the following spells:

 Your Spells              Type           Power        Failure   Level  Hunger
a - Magic Dart            Conj           ##..         4%          1    #......
e - Searing Ray           Conj           ##....       7%          2    ##.....

Your spell library contained the following spells:

 Spells                   Type           Power        Failure   Level  Hunger
 Dazzling Flash           Conj/Hex       #.....       34%         3    ###....
 Fulminant Prism          Conj/Hex       #.........   75%         4    #####..
 Iskenderun's Mystic Bla  Conj/Tloc      #.......     75%         4    #####..


Dungeon Overview and Level Annotations

Branches:
Dungeon (4/15)
 Temple: D:4-7

Altars:
Dithmenos
Elyvilon
Fedhas
Gozag
Kikubaaqudgha
Uskayaw
Wu Jian
Xom


Innate Abilities, Weirdness & Mutations

You cannot be hasted, slowed, berserked, paralysed or teleported.
You can dig through walls and to a lower floor.
Your four strong arms can wield two-handed weapons with a shield.
You have a pair of large antennae on your head. (SInv)
You are weak. (Str -2)


Message History

The orc priest invokes the aid of Beogh against you.
Beogh smites you!
Casting: Searing Ray (safe; 7% risk of failure)
Confirm with . or Enter, or press ? or * to list all spells.
Aiming: Searing Ray (safe; 7% risk of failure)
Press: ? - help, Shift-Dir - straight line, f - orc
Aim: an orc, wearing a +0 leather armour The searing ray hits the orc priest.
The orc priest is moderately wounded.
The searing ray hits the orc priest.
The orc priest is heavily wounded. (Press . to maintain the ray.)
The orc priest invokes the aid of Beogh against you.
Beogh smites you!
Ouch! That really hurt!
* * * LOW HITPOINT WARNING * * *
The orc priest looks satisfied for a moment.
The orc priest invokes the aid of Beogh against you.
Beogh smites you!
You die...

####### #.#
#....# #.#
#....#
#########.#
#.####
#.........#
#.#
#.#########
#.# #.# #.#
#.##########
#.#.@o.oo.Ko{
#.#.########
#.#.# ###.#.#
#.....#
#######


You could see 3 orc priests, an orc and a kobold.

Vanquished Creatures
  An ooze (D:2)
  A dart slug (D:2)
  2 leopard geckos
  An orc (D:3)
  A giant cockroach (D:1)
  6 goblins
  7 hobgoblins
  4 kobolds (D:1)
  A quokka (D:2)
  5 bats
  A frilled lizard (D:2)
  A quokka skeleton (D:2)
  2 rats (D:1)
33 creatures vanquished.

Vanquished Creatures (others)
  An adder (D:2)
  An ooze (D:2)
  A bat (D:2)
  A kobold (D:1)
4 creatures vanquished.

Grand Total: 37 creatures vanquished

Notes
Turn   | Place    | Note
-------+----------+-------------------------------------------
     0 | D:1      | Esekla the Formicid Conjurer began the quest for the Orb.
     0 | D:1      | Reached XP level 1. HP: 13/13 MP: 3/3
    75 | D:1      | You fall into a shaft and drop 1 floor!
   126 | D:2      | Found a shadowy altar of Dithmenos.
   306 | D:1      | Reached XP level 2. HP: 19/19 MP: 1/5
   565 | D:1      | Learned a level 2 spell: Searing Ray
   713 | D:1      | Reached skill level 4 in Conjurations
   815 | D:2      | Reached XP level 3. HP: 24/25 MP: 6/6
  1158 | D:2      | Found a white marble altar of Elyvilon.
  1455 | D:2      | Found a shimmering altar of Xom.
  1460 | D:2      | Found an opulent altar of Gozag.
  1460 | D:2      | Found a blossoming altar of Fedhas.
  1460 | D:2      | Found an ancient bone altar of Kikubaaqudgha.
  1460 | D:2      | Found a white marble altar of Elyvilon.
  1464 | D:2      | Found a hide-covered altar of Uskayaw.
  1465 | D:2      | Found an ornate altar of the Wu Jian Council.
  1738 | D:1      | Reached skill level 1 in Armour
  1747 | D:1      | Reached XP level 4. HP: 30/31 MP: 2/7
  1932 | D:1      | Gained mutation: You are weak. (Str -2) [mutagenic glow]
  2238 | D:3      | Reached skill level 1 in Fighting
  2689 | D:3      | Killed from afar by an orc priest

Levels and vault maps discovered:
D:1:      minmay_arrival_shattered_statue, layout_rooms
D:2:      layout_basic, minitemple, elyvilon_altar_4
D:3:      layout_basic, first_ration
D:4:      minmay_spotlight, layout_basic, minmay_statues_item

Skill      XL: |  1  2  3  4 |
---------------+-------------+-----
Conjurations   | 4 |  4.3
Armour         | 1 |  1.0
Fighting       | 1 |  1.1
Short Blades   | |  0.1
Dodging        | |  1.8
Stealth        | |  2.4
Spellcasting   | |  2.6

Action                   |  1- 3 |  4- 6 || total
-------------------------+-------+-------++-------
Melee: Unarmed           |     2 |       ||     2
       Dagger            |    49 |     1 ||    50
       Long sword        |       |     4 ||     4
 Cast: Magic Dart        |    30 |       ||    30
       Searing Ray       |     1 |     2 ||     3
 Abil: Shaft Self        |     1 |       ||     1
  Use: Scroll            |     2 |     4 ||     6
 Stab: Sleeping          |     1 |       ||     1
  Eat: Chunk             |     2 |     6 ||     8
Armor: Robe              |     8 |       ||     8
       Leather armour    |       |     2 ||     2
Dodge: Dodged            |    24 |     2 ||    26
       Rpst.: Long sword |       |     1 ||     1

Table legend:
 A = Non-vault XP
 B = Vault XP
 C = Vault XP percentage of total XP
 D = Non-vault monster count
 E = Vault monster count
 F = Vault count percentage of total count
                 A         B        C        D         E       F
            +---------+---------+-------+---------+---------+-------
      Total |      78 |       0 |   0.0 |      36 |       0 |   0.0
            +---------+---------+-------+---------+---------+-------
        D:1 |      34 |       0 |   0.0 |      21 |       0 |   0.0
        D:2 |      34 |       0 |   0.0 |      11 |       0 |   0.0
        D:3 |      10 |       0 |   0.0 |       4 |       0 |   0.0
            +---------+---------+-------+---------+---------+-------
